 Dungeon Crawl Stone Soup version 0.18.1-8-gdd0e5ea (webtiles) character file.

129537 Loading the Bludgeoner (level 16, -11/220 HPs)
             Began as a Minotaur Berserker on May 23, 2016.
             Was an Elder of Trog.
             Killed from afar by a merfolk aquamancer (32 damage)
             ... with a shard of ice
             ... on level 4 of the Shoals on May 27, 2016.
             The game lasted 01:27:23 (30446 turns).

Loading the Bludgeoner (Minotaur Berserker)        Turns: 30446, Time: 01:27:24

Health: -11/220    AC: 33    Str: 33    XL:     16   Next: 50%
Magic:  15/15      EV: 17    Int:  4    God:    Trog [****..]
Gold:   1435       SH: 15    Dex: 16    Spells: 0 memorised, 15 levels left

rFire  . . .     SeeInvis .     X - +5 eveningstar (protect)
rCold  + . .     Gourm    .     Y - +2 plate armour {rC+}
rNeg   . . .     Faith    +     b - +0 shield
rPois  .         Spirit   .     w - +2 hat
rElec  .         Dismiss  .     J - +0 cloak
rCorr  .         Reflect  .     C - +1 pair of gloves
SustAt .         Harm     .     o - +2 pair of boots
MR     +++..                    y - amulet of faith
Stlth  ..........               E - +2 ring of strength
                                n - +3 ring of strength

@: berserking, lethally poisoned (-11 -> -12), very slightly contaminated,
regenerating, hasted, very quick, extremely resistant to hostile enchantments,
extremely unstealthy
A: retaliatory headbutt, horns 2
a: Berserk, Trog's Hand, Brothers in Arms, Burn Spellbooks, Renounce Religion


You were on level 4 of the Shoals.
You worshipped Trog.
Trog was greatly pleased with you.
You were not hungry.

You visited 4 branches of the dungeon, and saw 29 of its levels.

You collected 2501 gold pieces.
You spent 1066 gold pieces at shops.

Inventory:

Hand Weapons
 a - a +1 mace
 s - a +0 morningstar of flaming
 I - a +2 demon whip of draining
 Q - a +3 great mace of holy wrath
 X - a +5 eveningstar of protection (weapon)
Armour
 b - a +0 shield (worn)
 o - a +2 pair of boots (worn)
 w - a +2 hat (worn)
 C - a +1 pair of gloves (worn)
 J - a +0 cloak (worn)
 Y - a +2 plate armour of cold resistance (worn)
Jewellery
 e - an uncursed ring of protection from fire
 g - an uncursed ring of ice
 n - a +3 ring of strength (left hand)
 r - an uncursed ring of resist corrosion
 y - an amulet of faith (around neck)
 A - a +4 ring of intelligence
 E - a +2 ring of strength (right hand)
 K - an uncursed ring of protection from fire
Wands
 N - a wand of disintegration (17/24)
Scrolls
 d - 4 scrolls of noise
 i - 8 scrolls of teleportation
 v - a scroll of magic mapping
 B - 4 scrolls of blinking
 G - a scroll of summoning
 H - 4 scrolls of fear
 L - 2 scrolls of identify
 O - 3 scrolls of recharging
 P - 4 scrolls of fog
 T - 8 scrolls of remove curse
 U - 2 scrolls of enchant armour
Potions
 f - 4 potions of lignification
 h - 3 potions of cure mutation
 j - 3 potions of mutation
 k - 4 potions of ambrosia
 l - 4 potions of heal wounds
 m - 7 potions of might
 p - 7 potions of flight
 q - 2 potions of resistance
 t - 3 potions of agility
 u - 4 potions of haste
 x - a potion of berserk rage
 z - 2 potions of cancellation
 D - 8 potions of curing
 S - 3 potions of magic
 Z - 4 potions of brilliance
Comestibles
 c - 18 bread rations
 F - 10 meat rations
 M - 5 chunks of flesh


   Skills:
 + Level 14.6 Fighting
 * Level 19.8 Maces & Flails
 + Level 14.3 Armour
 + Level 13.5 Dodging
 + Level 14.6 Shields


You had 15 spell levels left.
You didn't know any spells.

Dungeon Overview and Level Annotations

Branches:
Dungeon (15/15)            Temple (0/1) D:6            Lair (8/8) D:8
 Shoals (4/4) Lair:3       Spider (0/4) Lair:4        Slime (0/6) Lair:6
    Orc (2/2) D:9             Elf (0/3) Orc:2        Vaults (0/5) D:14
 Depths (0/5) D:15

Altars:
Ashenzari
Cheibriados
Elyvilon
Fedhas
Gozag
Nemelex Xobeh
Ru
Sif Muna
Trog
Xom
Yredelemnul
Zin
The Shining One
Beogh

Shops:
D:4 }   Orc:2 ([*[   Shoals:2 :}

Portals:
Trove: D:13 (give potion of experience)


Innate Abilities, Weirdness & Mutations

You reflexively headbutt those who attack you in melee.
You have a pair of horns on your head.


Message History

Trog accepts your kill.
Your unstable footing causes you to fumble your attack.
You block the harpy's attack. The harpy claws you but does no damage.
Your two-headed ogre completely misses the merfolk aquamancer.
Your two-headed ogre barely misses the merfolk aquamancer.
The water nymph gestures at you while chanting.
The water swirls and strikes you!
* * * LOW HITPOINT WARNING * * *
You block the merfolk's attack. You block the harpy's attack.
The harpy claws you but does no damage. The merfolk impaler barely misses you.
You sock the merfolk aquamancer!
Your headbutt misses the merfolk aquamancer.
The merfolk aquamancer is heavily wounded.
You feel the effects of Trog's Hand fading.
You block the harpy's attack. The harpy claws you but does no damage.
The merfolk javelineer hits you but does no damage.
You are poisoned.
The merfolk aquamancer gestures at you while chanting.
The shard of ice hits you! You partially resist.
You die...

≈**≈#.,*≈##≈P≈...............,,,,
≈≈##≈..≈##≈≈≈≈≈..............,,,,
≈≈≈##..##≈≈≈≈≈≈≈.............,,,,
≈≈≈≈....≈≈≈≈≈≈≈≈≈............,,,,
≈≈≈≈.....≈≈≈≈≈≈≈≈≈.........!(,,,,
≈≈≈≈PP.....≈≈≈≈≈≈≈.≈≈≈..≈....,,,,
≈≈≈≈..........m≈mmm≈†≈≈#####*,,,,
≈≈≈≈..P.P......SHHm≈≈≈#≈≈..≈#*,,,
≈≈≈≈......P....O@mmm≈#≈#"≈..≈**,,
≈≈≈≈.P..P...)...mPPm#≈#≈≈§#≈.≈*,,
≈≈≈≈≈..######..≈≈≈≈≈#≈≈≈≈≈≈≈≈≈*,,
≈≈≈P≈≈##≈.^.(#≈≈≈≈≈P#≈≈m≈##≈.≈*,,
≈≈≈≈≈##≈≈)≈(#≈#≈≈≈≈≈#≈≈#≈#≈m.≈*,,
P..≈.#≈≈≈#≈≈≈#≈#≈≈≈≈#≈,,≈≈,m*≈*,,
≈..≈≈#≈.≈≈≈≈≈.≈#≈≈≈≈#*≈,,,,*≈**,,
≈≈≈≈≈#≈.≈##≈≈≈≈#≈≈≈≈≈#*≈≈≈≈≈**,,,
≈≈≈≈≈#≈..≈#≈#≈≈#≈≈≈≈≈≈#******,**,


You could see a merfolk avatar, 2 merfolk impalers, 2 merfolk javelineers, a sea
snake, 3 merfolk aquamancers, a merfolk, a water nymph, 2 harpies and a friendly
two-headed ogre (berserk).

Vanquished Creatures
  A fire giant (D:15)
  Maud (Lair:7)
  An orc warlord (Orc:2)
  Nessos (Orc:2)
  A merfolk javelineer (Shoals:3)
  4 vault guards (D:14)
  3 merfolk impalers
  Fannar (D:11)
  2 merfolk aquamancers
  Harold (D:10)
  7 hydras
  2 death knights
  The ghost of F1L1N the Cleaver, a novice MiBe of Trog (D:9)
  2 catoblepae
  3 centaur warriors
  3 death yaks (Lair:7)
  2 satyrs (Shoals:3)
  4 skeletal warriors
  Nergalle (D:11)
  7 sea snakes
  2 unseen horrors
  2 hill giants
  5 harpies
  Pikel (D:6)
  An ugly thing (D:14)
  4 orc sorcerers
  A phantasmal warrior (D:15)
  A wolf spider (Lair:4)
  A deep elf mage (D:12)
  An oklob plant (Lair:5)
  2 orc knights (Orc:2)
  6 fauns
  9 manticores
  3 cyclopes
  9 griffons
  3 centaur zombies
  8 sirens
  Maurice (D:8)
  3 elephants (Lair:7)
  3 water nymphs
  9 black mambas
  2 gargoyles
  17 spiny frogs
  Psyche (D:11)
  9 centaur skeletons
  A kobold demonologist (D:11)
  A rime drake (Lair:8)
  An efreet (D:13)
  14 komodo dragons
  2 freezing wraiths (D:14)
  A harpy zombie (D:15)
  4 two-headed ogres
  A jumping spider (Lair:4)
  A wind drake (Shoals:1)
  6 trolls
  18 merfolk
  A boulder beetle (Lair:8)
  3 giant leeches (Lair:8)
  4 snapping turtles
  26 blink frogs
  A hornet zombie (D:14)
  A centaur simulacrum (D:14)
  2 redbacks (Lair:4)
  7 wraiths
  60 yaks
  7 water elementals
  6 wyverns
  3 basilisks
  2 vampires
  3 hogs (Lair:7)
  4 hungry ghosts
  16 hippogriffs
  Grum (D:11)
  A warg (Orc:2)
  A mottled dragon (D:14)
  12 vampire mosquitoes
  A soldier ant (shapeshifter) (D:14)
  14 water moccasins
  9 porcupines
  A slave (D:6)
  3 ice beasts
  3 eyes of draining
  A sky beast (D:8)
  4 black bears
  45 orc warriors
  5 phantoms
  15 wolves
  A necrophage (D:9)
  8 ogres
  4 centaurs
  21 crocodiles
  39 giant frogs
  3 big kobolds
  Blork the orc (D:4)
  4 gnoll sergeants (D:9)
  A wyvern zombie (D:14)
  8 scorpions
  2 wyvern skeletons (D:13)
  16 killer bees
  17 wights
  5 electric eels
  2 spriggan skeletons (D:10)
  3 howler monkeys
  6 crimson imps
  A giant frog zombie (D:10)
  A wasp zombie (D:11)
  5 hounds
  A gnoll shaman (D:9)
  3 jellies (Lair:6)
  A quasit (D:10)
  29 orc priests
  2 giant frog skeletons
  7 iguanas
  A hell rat (D:8)
  33 orc wizards
  5 worker ants
  25 sheep
  A hound zombie (D:6)
  Robin (D:4)
  2 howler monkey zombies
  2 worker ant zombies
  26 gnolls
  18 adders
  86 river rats
  3 shadow imps
  4 oozes
  2 worms
  4 dart slugs
  7 giant geckos
  121 orcs
  A ball python (D:2)
  4 bats
  3 giant cockroaches (D:3)
  14 hobgoblins
  24 jackals
  27 kobolds
  9 quokkas
  A ball python skeleton (D:4)
  A giant gecko skeleton (D:4)
  6 giant newts
  15 goblins
  A jackal skeleton (D:6)
  A jackal zombie (D:6)
  5 rats
  A fungus (Lair:8)
  8 plants
1117 creatures vanquished.

Vanquished Creatures (collateral kills)
  Kirke (Lair:7)
  An orc warlord (Orc:2)
  A merfolk avatar (Shoals:2)
  A merfolk aquamancer (Shoals:4)
  An unseen horror (D:11)
  2 harpies (Shoals:4)
  2 fauns (Shoals:3)
  A troll (Orc:2)
  A hog (Lair:7)
  An orc warrior (Orc:2)
  An orc wizard (Orc:2)
  6 orcs (Orc:2)
19 creatures vanquished.

Vanquished Creatures (others)
  A spiny frog (Lair:6)
  A komodo dragon (Lair:6)
  2 humans (Lair:7)
  A hungry ghost (D:6)
  A giant frog (Lair:8)
  5 sheep (D:5)
  A gnoll (D:6)
  A river rat (Lair:6)
  3 orcs (D:6)
  3 goblins (D:6)
  4 hobgoblins (D:6)
  A giant newt (D:6)
  24 fungi
  16 plants
64 creatures vanquished.

Grand Total: 1200 creatures vanquished

Notes
Turn   | Place    | Note
--------------------------------------------------------------
     0 | D:1      | Loading the Minotaur Berserker began the quest for the Orb.
     0 | D:1      | Reached XP level 1. HP: 19/19 MP: 0/0
   200 | D:1      | Reached XP level 2. HP: 19/27 MP: 1/1
   498 | D:2      | Reached skill level 4 in Maces & Flails
   587 | D:2      | Reached XP level 3. HP: 24/33 MP: 2/2
   632 | D:2      | Reached ** piety under Trog
  1123 | D:2      | Reached skill level 1 in Shields
  1123 | D:2      | Reached XP level 4. HP: 40/40 MP: 3/3
  1496 | D:2      | Reached skill level 5 in Maces & Flails
  1762 | D:3      | Found a faded altar to an unknown god.
  2053 | D:3      | Found a shattered altar of Ashenzari.
  2187 | D:3      | Reached XP level 5. HP: 46/46 MP: 4/4
  2209 | D:3      | Reached *** piety under Trog
  2299 | D:4      | Noticed Robin
  2329 | D:4      | Killed Robin
  2353 | D:4      | Found a sparkling altar of Nemelex Xobeh.
  2354 | D:4      | Found Ivit's Gadget Shoppe.
  2357 | D:4      | Noticed an ogre
  2361 | D:4      | Killed an ogre
  2421 | D:4      | Noticed a phantom
  2439 | D:4      | Killed a phantom
  2439 | D:4      | Reached XP level 6. HP: 38/55 MP: 5/5
  2547 | D:4      | Noticed Blork the orc
  2553 | D:4      | Killed Blork the orc
  2553 | D:4      | Reached skill level 6 in Maces & Flails
  2654 | D:4      | Reached skill level 5 in Fighting
  2811 | D:4      | Reached XP level 7. HP: 60/61 MP: 6/6
  3124 | D:5      | Entered Level 5 of the Dungeon
  3130 | D:5      | Reached **** piety under Trog
  3282 | D:5      | Reached skill level 7 in Maces & Flails
  3556 | D:5      | Found a shimmering altar of Xom.
  3775 | D:5      | Found a glowing golden altar of the Shining One.
  3866 | D:6      | Reached XP level 8. HP: 70/70 MP: 7/7
  3878 | D:6      | Noticed Pikel
  3894 | D:6      | Killed Pikel
  3894 | D:6      | Reached skill level 8 in Maces & Flails
  3894 | D:6      | Reached skill level 5 in Armour
  3894 | D:6      | Reached skill level 5 in Dodging
  3894 | D:6      | Reached skill level 5 in Shields
  4082 | D:6      | Found a deep blue altar of Sif Muna.
  4299 | D:6      | Reached skill level 9 in Maces & Flails
  4578 | D:6      | Reached XP level 9. HP: 78/78 MP: 8/8
  4588 | D:6      | Reached ***** piety under Trog
  4602 | D:6      | Found a staircase to the Ecumenical Temple.
  4723 | D:6      | Found a blossoming altar of Fedhas.
  5477 | D:8      | Found a staircase to the Lair.
  5479 | D:8      | Reached skill level 10 in Maces & Flails
  5586 | D:8      | Received a gift from Trog
  5662 | D:8      | Reached XP level 10. HP: 72/88 MP: 9/9
  5844 | D:8      | Noticed Maurice
  5872 | D:8      | Killed Maurice
  6014 | D:8      | Found a sacrificial altar of Ru.
  6047 | D:8      | Reached skill level 11 in Maces & Flails
  6390 | Lair:1   | Entered Level 1 of the Lair of Beasts
  6598 | Lair:1   | Reached skill level 12 in Maces & Flails
  6643 | Lair:1   | Noticed a spiny frog
  6650 | Lair:1   | Killed a spiny frog
  6932 | Lair:1   | Noticed a black mamba
  6936 | Lair:1   | Reached XP level 11. HP: 33/97 MP: 10/10
  7720 | Lair:1   | Noticed a five-headed hydra
  7727 | Lair:1   | Killed a five-headed hydra
  8102 | Lair:1   | Reached skill level 13 in Maces & Flails
  8859 | Lair:2   | Reached ****** piety under Trog
  8881 | Lair:2   | Received a gift from Trog
  9074 | Lair:2   | Reached XP level 12. HP: 89/106 MP: 11/11
  9077 | Lair:2   | Reached skill level 10 in Fighting
  9391 | Lair:2   | Reached skill level 14 in Maces & Flails
  9862 | Lair:2   | Reached skill level 10 in Shields
 10431 | Lair:3   | Found a staircase to the Shoals.
 10471 | Lair:3   | Noticed a catoblepas
 10494 | Lair:3   | Killed a catoblepas
 10494 | Lair:3   | Reached skill level 10 in Armour
 10782 | Shoals:1 | Entered Level 1 of the Shoals
 11062 | Lair:4   | Received a gift from Trog
 11198 | Lair:4   | Found a hole to the Spider Nest.
 11388 | Lair:4   | Noticed a five-headed hydra
 11396 | Lair:4   | Killed a five-headed hydra
 12136 | Lair:5   | Found a white marble altar of Elyvilon.
 12335 | Lair:5   | Noticed a five-headed hydra
 12347 | Lair:5   | Killed a five-headed hydra
 12347 | Lair:5   | Reached skill level 15 in Maces & Flails
 12347 | Lair:5   | Reached skill level 10 in Dodging
 12677 | Lair:5   | Noticed a five-headed hydra
 12685 | Lair:5   | Killed a five-headed hydra
 13074 | Lair:5   | Received a gift from Trog
 13156 | Lair:5   | Reached XP level 13. HP: 116/116 MP: 12/12
 13686 | Lair:6   | Found a staircase to the Slime Pits.
 14298 | Lair:7   | Noticed Kirke
 14314 | Lair:7   | Killed Kirke
 14715 | Lair:7   | Noticed Maud
 14726 | Lair:7   | Killed Maud
 14934 | Lair:8   | Entered Level 8 of the Lair of Beasts
 14947 | Lair:8   | Reached skill level 16 in Maces & Flails
 15212 | Lair:8   | Received a gift from Trog
 16387 | Lair:8   | Reached XP level 14. HP: 67/127 MP: 13/13
 16754 | Lair:8   | Received a gift from Trog
 17544 | D:9      | Found a snail-covered altar of Cheibriados.
 17550 | D:9      | Found a bloodstained altar of Trog.
 17555 | D:9      | Found an opulent altar of Gozag.
 17767 | D:9      | Noticed F1L1N's ghost (novice MiBe)
 17781 | D:9      | Killed F1L1N's ghost
 18031 | D:9      | Reached skill level 17 in Maces & Flails
 18053 | D:9      | Received a gift from Trog
 18079 | D:9      | Found a staircase to the Orcish Mines.
 18371 | Orc:1    | Entered Level 1 of the Orcish Mines
 18765 | Orc:2    | Entered Level 2 of the Orcish Mines
 18765 | Orc:2    | Noticed Nessos
 18784 | Orc:2    | Killed Nessos
 18825 | Orc:2    | Found a roughly hewn altar of Beogh.
 18845 | Orc:2    | Received a gift from Trog
 18874 | Orc:2    | Found a roughly hewn altar of Beogh.
 19023 | Orc:2    | Found a roughly hewn altar of Beogh.
 19059 | Orc:2    | Found a roughly hewn altar of Beogh.
 19112 | Orc:2    | Found a roughly hewn altar of Beogh.
 19223 | Orc:2    | Found a staircase to the Elven Halls.
 19312 | Orc:2    | Received a gift from Trog
 19360 | Orc:2    | Found a roughly hewn altar of Beogh.
 19382 | Orc:2    | Found Esaschez's General Store.
 19391 | Orc:2    | Bought a scroll of identify for 28 gold pieces
 19391 | Orc:2    | Bought a potion of cure mutation for 350 gold pieces
 19433 | Orc:2    | Found a roughly hewn altar of Beogh.
 19442 | Orc:2    | Found Liachuosh's Antique Armour Emporium.
 19467 | Orc:2    | Noticed an orc warlord
 19498 | Orc:2    | Killed an orc warlord
 19708 | Orc:2    | Received a gift from Trog
 19714 | Orc:2    | Noticed an orc warlord
 20008 | Orc:2    | Found a roughly hewn altar of Beogh.
 20092 | Orc:2    | Killed an orc warlord
 20244 | Orc:2    | Found Zuenalu's Antique Weapon Shoppe.
 20245 | Orc:2    | Found a roughly hewn altar of Beogh.
 20248 | Orc:2    | Found Enuheki's Antique Armour Emporium.
 20264 | Orc:2    | Bought a pair of runed gloves for 90 gold pieces
 20358 | D:10     | Entered Level 10 of the Dungeon
 20385 | D:10     | Received a gift from Trog
 20746 | D:10     | Noticed Harold
 20762 | D:10     | Killed Harold
 21507 | D:11     | Noticed Grum
 21517 | D:11     | Killed Grum
 21518 | D:11     | Noticed Psyche
 21525 | D:11     | Killed Psyche
 21648 | D:11     | Reached skill level 18 in Maces & Flails
 21709 | D:11     | Received a gift from Trog
 21763 | D:11     | Noticed Fannar
 21774 | D:11     | Killed Fannar
 21774 | D:11     | Reached XP level 15. HP: 136/136 MP: 14/14
 21872 | D:11     | Noticed Nergalle
 21907 | D:11     | Killed Nergalle
 22807 | D:12     | Received a gift from Trog
 22917 | D:12     | Found a glowing silver altar of Zin.
 24567 | D:13     | Found a portal to a secret trove of treasure.
 24864 | D:14     | Found a gate to the Vaults.
 26013 | D:15     | Entered Level 15 of the Dungeon
 26248 | D:15     | Found a basalt altar of Yredelemnul.
 26284 | D:15     | Found a staircase to the Depths.
 26311 | D:15     | Noticed a fire giant
 26321 | D:15     | Killed a fire giant
 26645 | D:15     | Received a gift from Trog
 27445 | Shoals:1 | Reached skill level 19 in Maces & Flails
 27879 | Shoals:1 | You fall through a shaft!
 27880 | Shoals:2 | You fall through a shaft!
 27917 | Shoals:3 | Reached XP level 16. HP: 122/146 MP: 15/15
 28091 | Shoals:2 | Received a gift from Trog
 28920 | Shoals:2 | Found Quujoen's Gadget Emporium.
 28941 | Shoals:2 | Found Ezuoplit's Book Shop.
 29144 | Shoals:2 | Found Weleple's Distillery.
 29189 | Shoals:2 | Bought a potion of flight for 39 gold pieces
 29189 | Shoals:2 | Bought a potion of might for 52 gold pieces
 29189 | Shoals:2 | Bought a potion of brilliance for 52 gold pieces
 29189 | Shoals:2 | Bought a potion of resistance for 130 gold pieces
 29189 | Shoals:2 | Bought a potion of flight for 39 gold pieces
 29189 | Shoals:2 | Bought a potion of heal wounds for 65 gold pieces
 29189 | Shoals:2 | Bought a potion of brilliance for 52 gold pieces
 29189 | Shoals:2 | Bought a potion of heal wounds for 65 gold pieces
 29189 | Shoals:2 | Bought a potion of might for 52 gold pieces
 29189 | Shoals:2 | Bought a potion of agility for 52 gold pieces
 29568 | Shoals:3 | Received a gift from Trog
 30121 | Shoals:4 | Entered Level 4 of the Shoals
 30446 | Shoals:4 | Killed from afar by a merfolk aquamancer

Skill      XL: |  1  2  3  4  5  6  7  8  9 10 11 12 13 14 15 16 |
---------------+-------------------------------------------------+-----
Maces & Flails | 4 5 6 7 9 10 12 13 15 16 18 19 | 19.8
Fighting       | 4 5 6 7 9 11 12 13 14 | 14.6
Dodging        | 3 4 5 6 7 9 10 11 12 13 | 13.5
Shields        | 1 2 3 4 5 7 8 9 10 11 13 14 | 14.6
Armour         | 3 4 5 6 8 9 10 11 12 13 14 | 14.3

Action                   |  1- 3 |  4- 6 |  7- 9 | 10-12 | 13-15 | 16-18 || total
-------------------------+-------+-------+-------+-------+-------+-------++-------
Melee: Mace              |    63 |    26 |       |       |       |       ||    89
       Headbutt          |    10 |    25 |    79 |   145 |   488 |    90 ||   837
       Morningstar       |       |   113 |   340 |   383 |       |       ||   836
       Great mace        |       |       |       |   275 |   395 |       ||   670
       Eveningstar       |       |       |       |       |  1213 |   367 ||  1580
       Demon whip        |       |       |       |       |   214 |       ||   214
Invok: Trog's Hand       |       |     2 |     6 |    14 |    22 |    10 ||    54
       Berserk           |       |     1 |     2 |     6 |    10 |     1 ||    20
       Burn Spellbooks   |       |       |     1 |     2 |     6 |       ||     9
       Brothers in Arms  |       |       |       |       |     4 |     3 ||     7
  Use: Scroll            |     6 |    10 |     3 |     8 |    23 |     2 ||    52
       Potion            |       |       |       |     2 |     2 |     4 ||     8
 Stab: Distracted        |       |       |       |       |     1 |       ||     1
  Eat: Chunk             |     1 |     7 |     7 |    12 |    20 |     5 ||    52
       Beef jerky        |       |       |     3 |     1 |     4 |       ||     8
       Fruit             |       |       |       |     9 |    10 |     3 ||    22
       Meat ration       |       |       |       |     1 |     1 |       ||     2
       Bread ration      |       |       |       |     2 |     3 |     1 ||     6
       Pizza             |       |       |       |       |     2 |       ||     2
       Royal jelly       |       |       |       |       |     5 |       ||     5
Armor: Ring mail         |    23 |    46 |       |       |       |       ||    69
       Scale mail        |       |     2 |    36 |       |       |       ||    38
       Chain mail        |       |       |    62 |       |       |       ||    62
       Plate armour      |       |       |    83 |   347 |   910 |   198 ||  1538
Dodge: Dodged            |    48 |    61 |   110 |   358 |   815 |   236 ||  1628
Block: Shield            |    17 |    51 |   227 |   243 |   894 |   300 ||  1732
